 Dungeon Crawl Stone Soup version 0.27-a0-1136-g0b992a5a9d (webtiles) character file.

Game seed: 5125077700909695586

682 siradein the Slasher (level 7, -1/50 HPs)
             Began as a Demonspawn Gladiator on May 6, 2021.
             Was an Initiate of Qazlal.
             Slain by a black bear (4 damage)
             ... on level 5 of the Dungeon.
             The game lasted 00:12:34 (5568 turns).

siradein the Slasher (Demonspawn Gladiator)         Turns: 5568, Time: 00:12:35

Health: -1/50      AC:  8    Str: 15    XL:     7   Next: 34%
Magic:  7/7        EV: 12    Int: 10    God:    Qazlal [......]
Gold:   161        SH:  0    Dex: 15    Spells: 6/6 levels left

rFire    . . .     SeeInvis .   a - +0 long sword
rCold    . . .     Faith    .   (no shield)
rNeg     . . .     Spirit   .   b - +0 leather armour
rPois    .         Reflect  .   c - +0 helmet
rElec    .         Harm     .   t - +2 cloak
rCorr    .         Rampage  .   (no gloves)
Will     .....                  (no boots)
Stlth    +.........             (no amulet)
HPRegen  0.16/turn              (no ring)
MPRegen  0.10/turn              (no ring)

@: no status effects
A: talons 1, foul stench 1, sharp scales 1
a: Renounce Religion


You were on level 5 of the Dungeon.
You worshipped Qazlal.
Qazlal was noncommittal.
You visited 1 branch of the dungeon, and saw 5 of its levels.

You collected 161 gold pieces.

Inventory:

Hand Weapons
 a - a +0 long sword (weapon)
Missiles
 d - 2 throwing nets (quivered)
Armour
 b - a +0 leather armour (worn)
 c - a +0 helmet (worn)
 t - a +2 cloak (worn)
Wands
 j - a wand of flame (29)
Scrolls
 f - a scroll of teleportation {unknown}
 g - a scroll of fear {unknown}
 h - a scroll of holy word {unknown}
 m - a scroll of acquirement {unknown}
 n - a scroll of amnesia {unknown}
 o - 2 scrolls of fog {unknown}
 s - a scroll of enchant armour {unknown}
 u - a scroll of enchant weapon {unknown}
Potions
 e - a potion of flight
 i - 2 potions of attraction
 l - 3 potions of curing
 p - 2 potions of lignification
 q - a potion of berserk rage
 r - 2 potions of heal wounds


   Skills:
 - Level 2.0 Fighting
 + Level 7.9 Long Blades
 - Level 1.7 Throwing
 - Level 2.6 Dodging


You had 6 spell levels left.
You didn't know any spells.
Your spell library contained the following spells:

 Spells                   Type           Power      Damage    Failure   Level
 Corona                   Hex            0%         N/A       43%         1
 Ensorcelled Hibernation  Hex/Ice        0%         N/A       56%         2
 Poisonous Vapours        Pois/Air       0%         N/A       56%         2
 Confusing Touch          Hex            0%         N/A       80%         3
 Conjure Flame            Conj/Fire      0%         6-21      80%         3
 Dazzling Flash           Conj/Hex       0%         N/A       80%         3
 Mephitic Cloud           Conj/Pois/Air  0%         N/A       80%         3
 Tukima's Dance           Hex            0%         N/A       80%         3
 Freezing Cloud           Conj/Ice/Air   0%         6-21      100%        6


Dungeon Overview and Level Annotations

Branches:
Dungeon (5/15)
 Temple: D:4-7

Altars:
Cheibriados
Okawaru
Qazlal
Wu Jian

Shops:
D:1 :


Innate Abilities, Weirdness & Mutations

You have sharp toenails.
You may rarely emit foul miasma when damaged in melee.
You are partially covered in razor-sharp scales. (AC +1, Slay +1)


Message History

Pain shoots through your body!
You hit the orc priest.
You kill the orc priest!
Qazlal accepts your kill. The black bear bites you!
The black bear claws you but does no damage. x2
You slash the orc!
You kill the orc!
Qazlal accepts your kill. The black bear bites you!
The black bear claws you but does no damage.
The black bear closely misses you.
Items here: )))) [[ ††.
You see here a ring of positive energy.
You slash the black bear! Your kick misses the black bear.
The black bear is moderately wounded.
The black bear bites you.
You emit a cloud of foul miasma!
The black bear misses you. The black bear barely misses you.
You hit the black bear but do no damage.
You claw the black bear.
The black bear is heavily wounded.
The black bear is engulfed in dark miasma.
The black bear is poisoned.
The black bear seems to slow down.
The black bear shakes off its lethargy.
The black bear goes berserk!
The black bear is engulfed in dark miasma.
The black bear looks even sicker.
You barely miss the black bear. Your kick misses the black bear.
The black bear is severely wounded.
The black bear bites you. The black bear closely misses you. x2
The black bear barely misses you. The black bear claws you.
* * * LOW HITPOINT WARNING * * *
The black bear closely misses you. The black bear misses you.
The black bear completely misses you. The black bear claws you.
* * * LOW HITPOINT WARNING * * *
You see here 14 stones.
The black bear bites you!
* * * LOW HITPOINT WARNING * * *
The black bear claws you.
You die...

.# # #.# # .# .# #.# .# .#
#.# # .# #####.# ###..#
#.....# . .<..# ##..### .#
.#### #...## ### .## .#
##...##.. ..# ## ###
#.#@#.. ####.# #.. .#
#.#h#.# #....#
#.##.####.#(#.#####.##†####
#.##.#........#...†.......#
#
#.##.#.#(##...#.#########.#
## #.##.....####...# ...!.
#.# .## #.##..#.##
###.#.......#.#
..####.##.##.#
#.#.......#.#
#.........##.#
#.^..._...^.#


You could see a black bear (berserk, very poisoned).

Vanquished Creatures
  A water moccasin (D:5)
  A necrophage (D:4)
  A jelly (D:5)
  A bullfrog zombie (D:5)
  5 hounds
  2 orc priests
  Crazy Yiuf (D:2)
  An iguana (D:5)
  A gnoll (D:2)
  5 adders
  2 worms (D:3)
  A dart slug (D:3)
  9 orcs
  6 endoplasms
  2 giant cockroaches
  5 hobgoblins
  20 jackals
  6 kobolds
  3 quokkas
  5 ball pythons
  3 bats
  12 goblins
  4 rats
97 creatures vanquished.

Notes
Turn   | Place    | Note
-------+----------+-------------------------------------------
     0 | D:1      | siradein the Demonspawn Gladiator began the quest for the
                  | Orb.
     0 | D:1      | Reached XP level 1. HP: 16/16 MP: 1/1
   163 | D:1      | Reached skill level 3 in Long Blades
   364 | D:1      | Gained mutation: You may rarely emit foul miasma when
                  | damaged in melee. [demonic ancestry]
   364 | D:1      | Reached XP level 2. HP: 11/22 MP: 2/2
   878 | D:1      | Found Zanodur's Book Shop.
  1069 | D:2      | Found a faded altar of an unknown god.
  1213 | D:2      | Reached XP level 3. HP: 19/27 MP: 3/3
  1263 | D:2      | Reached skill level 4 in Long Blades
  1434 | D:2      | Found a runed translucent door.
  1435 | D:2      | Noticed Crazy Yiuf
  2152 | D:3      | Reached XP level 4. HP: 26/33 MP: 4/4
  2991 | D:3      | Reached skill level 5 in Long Blades
  3519 | D:3      | Gained mutation: You have sharp toenails. [demonic
                  | ancestry]
  3519 | D:3      | Reached XP level 5. HP: 38/38 MP: 5/5
  3821 | D:4      | Noticed a necrophage
  3841 | D:4      | Killed a necrophage
  3842 | D:4      | Reached skill level 6 in Long Blades
  3842 | D:4      | Reached XP level 6. HP: 7/44 MP: 6/6
  4281 | D:4      | Found a stormy altar of Qazlal.
  4309 | D:4      | Became a worshipper of Qazlal Stormbringer
  4429 | D:4      | Found an iron altar of Okawaru.
  4543 | D:4      | Found a snail-covered altar of Cheibriados.
  4628 | D:5      | Entered Level 5 of the Dungeon
  4929 | D:2      | Killed Crazy Yiuf
  5179 | D:5      | Noticed a water moccasin
  5191 | D:5      | Killed a water moccasin
  5192 | D:5      | Reached skill level 7 in Long Blades
  5214 | D:5      | Gained mutation: You are partially covered in razor-sharp
                  | scales. (AC +1, Slay +1) [demonic ancestry]
  5214 | D:5      | Reached XP level 7. HP: 33/50 MP: 7/7
  5351 | D:5      | Found an ornate altar of the Wu Jian Council.
  5568 | D:5      | Slain by a black bear

Illustrated notes

Levels and vault maps discovered:
D:1:      dpeg_arrival_signposts, layout_rooms, serial_shops,
          nicolae_shop_crystal
D:2:      layout_basic, ebering_ecumenical_altar_sacrificial,
          uniq_crazy_yiuf_cottage
D:3:      layout_basic, st_stairs_10, minmay_cut_off
D:4:      layout_cave_pools, kennysheep_mini_moat, lemuel_round_altar,
          lemuel_round_altar
D:5:      layout_rooms, lemuel_tele_altar, chequers_decorated_corner

Skill      XL: |  1  2  3  4  5  6 |
---------------+-------------------+-----
Long Blades    | 3 4 5 6 7 |  7.9
Fighting       | |  2.0
Throwing       | |  1.7
Dodging        | |  2.6

Action                   |  1- 3 |  4- 6 |  7- 9 || total
-------------------------+-------+-------+-------++-------
Melee: Long sword        |   113 |   139 |    24 ||   276
       Kick              |       |    25 |     9 ||    34
Throw: Throwing net      |       |     1 |       ||     1
  Use: Scroll            |     4 |     2 |       ||     6
 Stab: Sleeping          |       |     1 |       ||     1
       Distracted        |       |     1 |       ||     1
Armor: Leather armour    |    40 |    29 |     9 ||    78
Dodge: Dodged            |   104 |    95 |    17 ||   216
       Rpst.: Long sword |    42 |    39 |     5 ||    86

Table legend: (Time is in decaauts)
 A = Elapsed time spent in this place.
 B = Non-inter-level travel time spent in this place.
 C = Inter-level travel time spent in this place.
 D = Time resting spent in this place.
 E = Time spent auto-exploring this place.
 F = Levels seen in this place.
 G = Mean time per level.
                   A        B        C        D        E       F      G
               +--------+--------+--------+--------+--------+-----+--------+
         Total |   5615 |   5360 |    255 |    644 |   3953 |   5 | 1123.0 |
       Dungeon |   5615 |   5360 |    255 |    644 |   3953 |   5 | 1123.0 |
               +--------+--------+--------+--------+--------+-----+--------+

Top non-repeatable levels by time:
     D:2: 1828 daAuts
     D:3: 1242 daAuts
     D:1: 1069 daAuts
     D:4: 983 daAuts
     D:5: 491 daAuts
